SAAA
TREMONT DOUBLEDAYS @ ATHLETIC CLUB KC RESERVES
06/26/2032
 
TOP OF THE 1ST
Tremont Doubledays batting - Pitching for Athletic Club KC Reserves : RHP Bob Sosa
Pitching: RHP Bob Sosa
Batting: RHB David Pérez 0-0: Fly out, F7 (Flyball, 7LS)
Batting: RHB Sergio Pérez 0-0: Ball
1-0: Ball
2-0: Called Strike
2-1: Called Strike
2-2: Ball
3-2: Foul Ball, location: 2F
3-2: Foul Ball, location: 2F
3-2: Base on Balls
Batting: RHB Mario Rivera Pickoff Throw to First - Out!
0-0: Ball
1-0: Called Strike
1-1: Ball
2-1: Ball
3-1: SINGLE (Line Drive, 56D)
Batting: RHB Menno van de Vlugt 0-0: Ball
1-0: Ball
2-0: Called Strike
2-1: SINGLE (Line Drive, 56)
Mario Rivera to second
Batting: SHB Ricardo Pérez 0-0: Ball
1-0: Called Strike
1-1: Ball
2-1: Fly out, F8 (Line Drive, 8LM)
Top of the 1st over - 0 runs, 2 hits, 0 errors, 2 left on base; Tremont 0 - Athletic Club KC 0
BOTTOM OF THE 1ST
Athletic Club KC Reserves batting - Pitching for Tremont Doubledays : RHP Aydin Aragvsky
Pitching: RHP Aydin Aragvsky
Batting: RHB Richard Younger 0-0: Called Strike
0-1: Swinging Strike
0-2: Strikes out looking
Batting: RHB Roger Caffyn 0-0: Ball
1-0: Foul Ball, location: 2F
1-1: Foul Ball, location: 2F
1-2: Strikes out looking
Batting: LHB Ramón Morterero 0-0: Foul Ball, location: 2F
0-1: Called Strike
0-2: Foul Ball, location: 2F
0-2: Ball
1-2: Foul Ball, location: 2F
1-2: Foul Ball, location: 2F
1-2: SINGLE (Groundball, 4D)
Batting: LHB Manuel Domínguez 0-0: Ball
1-0: Ball
2-0: Ball
3-0: Foul Ball, location: 2F
3-1: Called Strike
3-2: Fly out, F9 (Flyball, 89S)
Bottom of the 1st over - 0 runs, 1 hit, 0 errors, 1 left on base; Tremont 0 - Athletic Club KC 0
TOP OF THE 2ND
Tremont Doubledays batting - Pitching for Athletic Club KC Reserves : RHP Bob Sosa
Batting: RHB Alan Elder 0-0: Ball
1-0: Ground out 5-3 (Groundball, 56S)
Batting: RHB Andrés Gonzáles 0-0: Ball
1-0: Ball
2-0: Ball
3-0: Called Strike
3-1: Base on Balls
Batting: RHB Steve Jones 0-0: Fielders Choice at 2nd, 5-4 (Groundball, 5L)
Batting: RHB Jack Davis 0-0: Ball
1-0: Called Strike
1-1: Ball
2-1: Fielders Choice at 2nd, 6-4 (Groundball, 6)
Top of the 2nd over - 0 runs, 0 hits, 0 errors, 1 left on base; Tremont 0 - Athletic Club KC 0
BOTTOM OF THE 2ND
Athletic Club KC Reserves batting - Pitching for Tremont Doubledays : RHP Aydin Aragvsky
Batting: LHB Kwang-chih Feng 0-0: Ball
1-0: Swinging Strike
1-1: Ball
2-1: Called Strike
2-2: Ball
3-2: Foul Ball, location: 2F
3-2: Fly out, F9 (Flyball, 89S)
Batting: RHB Arturo Annunziato 0-0: Ball
1-0: Called Strike
1-1: Ball
2-1: Ground out 4-3 (Groundball, 4)
Batting: RHB Shintaro Yamada 0-0: Ball
1-0: Ball
2-0: Ball
3-0: Base on Balls
Batting: RHB Tasuku Goto 0-0: Foul Ball, location: 2F
0-1: Ball
1-1: Ball
2-1: Swinging Strike
2-2: Ball
3-2: Foul Ball, location: 2F
3-2: Foul Ball, location: 2F
3-2: SINGLE (Line Drive, 78S)
Shintaro Yamada to second
Shintaro Yamada to third
Batting: RHB Tony Osorio 0-0: Foul Ball, location: 2F
0-1: Foul Ball, location: 2F
0-2: Ball
1-2: Ball
2-2: Ground out 4-3 (Groundball, 4)
Bottom of the 2nd over - 0 runs, 1 hit, 0 errors, 2 left on base; Tremont 0 - Athletic Club KC 0
TOP OF THE 3RD
Tremont Doubledays batting - Pitching for Athletic Club KC Reserves : RHP Bob Sosa
Batting: RHB David Pérez 0-0: Ball
1-0: Ball
2-0: Called Strike
2-1: Ball
3-1: Base on Balls
Batting: RHB Sergio Pérez 0-0: Ball
1-0: Called Strike
1-1: Ball
2-1: Foul Ball, location: 2F
2-2: Ball
3-2: Foul Ball, location: 2F
3-2: Base on Balls
David Pérez to second
Batting: RHB Mario Rivera 0-0: Foul Ball, location: 2F
0-1: Ball
1-1: Ball
2-1: Swinging Strike
2-2: Ball
3-2: Fly out, F9 (Flyball, 89D)
Runner from 2nd tags up, SAFE at 3rd, no throw
Batting: RHB Menno van de Vlugt 0-0: Called Strike
0-1: Ball
1-1: Swinging Strike
1-2: Ball
2-2: Foul Ball, location: 2F
2-2: Fly out, F8 (Flyball, 8LD)
Runner from 3rd tags up, SCORES, throw made
Batting: SHB Ricardo Pérez 0-0: Swinging Strike
0-1: Fly out, F8 (Line Drive, 78M)
Top of the 3rd over - 1 run, 0 hits, 0 errors, 1 left on base; Tremont 1 - Athletic Club KC 0
BOTTOM OF THE 3RD
Athletic Club KC Reserves batting - Pitching for Tremont Doubledays : RHP Aydin Aragvsky
Batting: RHB Richard Younger 0-0: Ball
1-0: Foul Ball, location: 2F
1-1: Ball
2-1: Called Strike
2-2: Fly out, F2 (Popup, 23F)
Batting: RHB Roger Caffyn 0-0: Ball
1-0: Fly out, F9 (Flyball, 89S)
Batting: LHB Ramón Morterero 0-0: Ball
1-0: Ball
2-0: Swinging Strike
2-1: Foul Ball, location: 2F
2-2: Strikes out swinging
Bottom of the 3rd over - 0 runs, 0 hits, 0 errors, 0 left on base; Tremont 1 - Athletic Club KC 0
TOP OF THE 4TH
Tremont Doubledays batting - Pitching for Athletic Club KC Reserves : RHP Bob Sosa
Batting: RHB Alan Elder 0-0: Called Strike
0-1: Foul Ball, location: 2F
0-2: Ball
1-2: Ball
2-2: Ball
3-2: SINGLE (Line Drive, 7S)
Batting: RHB Andrés Gonzáles 0-0: Ball
1-0: Called Strike
1-1: Fly out, F3 (Popup, 3SF)
Batting: RHB Steve Jones 0-0: Called Strike
0-1: Ball
1-1: Ball
2-1: Ball
3-1: Foul Ball, location: 2F
3-2: Fly out, F7 (Flyball, 7S)
Batting: RHB Jack Davis 0-0: Called Strike
0-1: Foul Ball, location: 2F
0-2: Ball
1-2: Ball
2-2: Fly out, F9 (Flyball, 89M)
Top of the 4th over - 0 runs, 1 hit, 0 errors, 1 left on base; Tremont 1 - Athletic Club KC 0
BOTTOM OF THE 4TH
Athletic Club KC Reserves batting - Pitching for Tremont Doubledays : RHP Aydin Aragvsky
Batting: LHB Manuel Domínguez 0-0: Called Strike
0-1: Foul Ball, location: 2F
0-2: Ball
1-2: Foul Ball, location: 2F
1-2: Ball
2-2: Ball
3-2: Fly out, F8 (Flyball, 8RM)
Batting: LHB Kwang-chih Feng 0-0: Foul Ball, location: 2F
0-1: Ball
1-1: Foul Ball, location: 2F
1-2: Strikes out swinging
Batting: RHB Arturo Annunziato 0-0: SINGLE (Groundball, 56D)
Batting: RHB Shintaro Yamada 0-0: Foul Ball, location: 2F
0-1: Ball
1-1: Ball
2-1: Called Strike
2-2: Ball
3-2: Strikes out swinging
Bottom of the 4th over - 0 runs, 1 hit, 0 errors, 1 left on base; Tremont 1 - Athletic Club KC 0
TOP OF THE 5TH
Tremont Doubledays batting - Pitching for Athletic Club KC Reserves : RHP Bob Sosa
Batting: RHB David Pérez 0-0: Ball
1-0: Ball
2-0: Called Strike
2-1: Ball
3-1: Called Strike
3-2: Ground out 6-3 (Groundball, 6)
Batting: RHB Sergio Pérez 0-0: Swinging Strike
0-1: Ball
1-1: Ball
2-1: Ball
3-1: Swinging Strike
3-2: Foul Ball, location: 2F
3-2: Base on Balls
Pitching: RHP Claudio Valenzuela
Batting: RHB Mario Rivera 0-0: Ball
Sergio Pérez steals 2nd base
1-0: Called Strike
1-1: Fly out, F4 (Popup, 4M)
Batting: RHB Menno van de Vlugt 0-0: Called Strike
0-1: Ball
1-1: Foul Ball, location: 2F
1-2: Foul Ball, location: 2F
1-2: Ball
2-2: Foul Ball, location: 2F
2-2: Fly out, F4 (Line Drive, 4)
Top of the 5th over - 0 runs, 0 hits, 0 errors, 1 left on base; Tremont 1 - Athletic Club KC 0
BOTTOM OF THE 5TH
Athletic Club KC Reserves batting - Pitching for Tremont Doubledays : RHP Aydin Aragvsky
Batting: RHB Tasuku Goto 0-0: Ball
1-0: SINGLE (Line Drive, 7S)
Batting: RHB Tony Osorio 0-0: Ball
1-0: Ball
2-0: Bunted foul
2-1: Bunted foul
2-2: Ball
3-2: Foul Ball, location: 2F
3-2: Fly out, F9 (Flyball, 89M)
Batting: RHB Richard Younger 0-0: Called Strike
Tasuku Goto steals 2nd base
0-1: Swinging Strike
0-2: Ball
1-2: Foul Ball, location: 2F
1-2: Foul Ball, location: 2F
1-2: Strikes out swinging
Batting: RHB Roger Caffyn 0-0: Foul Ball, location: 2F
0-1: Foul Ball, location: 2F
0-2: Ball
1-2: Ball
2-2: Foul Ball, location: 2F
2-2: Ground out 6-3 (Groundball, 6)
Bottom of the 5th over - 0 runs, 1 hit, 0 errors, 1 left on base; Tremont 1 - Athletic Club KC 0
TOP OF THE 6TH
Tremont Doubledays batting - Pitching for Athletic Club KC Reserves : RHP Claudio Valenzuela
Batting: SHB Ricardo Pérez 0-0: SINGLE (Groundball, 4MD)
Batting: RHB Alan Elder 0-0: Ball
1-0: Ball
2-0: Called Strike
2-1: Grounds into double play, 5-4-3 (Groundball, 5)
Batting: RHB Andrés Gonzáles 0-0: Ball
1-0: Called Strike
1-1: Ball
2-1: Called Strike
2-2: Ball
3-2: DOUBLE (Groundball, 5L)
Batting: RHB Steve Jones 0-0: Called Strike
0-1: Called Strike
0-2: Ball
1-2: Fly out, F9 (Flyball, 9S)
Top of the 6th over - 0 runs, 2 hits, 0 errors, 1 left on base; Tremont 1 - Athletic Club KC 0
BOTTOM OF THE 6TH
Athletic Club KC Reserves batting - Pitching for Tremont Doubledays : RHP Aydin Aragvsky
Batting: LHB Ramón Morterero 0-0: Swinging Strike
0-1: Ball
1-1: Foul Ball, location: 2F
1-2: Ball
2-2: Ball
3-2: Base on Balls
Batting: LHB Manuel Domínguez 0-0: Ball
1-0: Swinging Strike
1-1: SINGLE (Line Drive, 8RS)
Ramón Morterero to second
Pitching: RHP Gordon Fry
Batting: LHB Kwang-chih Feng 0-0: Ball
1-0: Ball
2-0: Called Strike
2-1: Grounds into double play, 4-6-3 (Groundball, 4)
Ramón Morterero to third
Batting: RHB Arturo Annunziato 0-0: Called Strike
0-1: Ball
1-1: Ball
2-1: Foul Ball, location: 2F
2-2: Foul Ball, location: 2F
2-2: Ball
3-2: Base on Balls
Batting: RHB Shintaro Yamada 0-0: Ball
1-0: Swinging Strike
1-1: Ball
2-1: Ball
3-1: Ground out U3 (Groundball, 34S)
Bottom of the 6th over - 0 runs, 1 hit, 0 errors, 2 left on base; Tremont 1 - Athletic Club KC 0
TOP OF THE 7TH
Tremont Doubledays batting - Pitching for Athletic Club KC Reserves : RHP Claudio Valenzuela
Batting: RHB Jack Davis 0-0: Called Strike
0-1: Ball
1-1: Ball
2-1: Ball
3-1: Called Strike
3-2: Foul Ball, location: 2F
3-2: Strikes out swinging
Batting: RHB David Pérez 0-0: Foul Ball, location: 2F
0-1: Foul Ball, location: 2F
0-2: Strikes out looking
Batting: RHB Sergio Pérez 0-0: Called Strike
0-1: Ball
1-1: Called Strike
1-2: Ball
2-2: Foul Ball, location: 2F
2-2: Ball
3-2: Ground out 1-3 (Groundball, 13S)
Top of the 7th over - 0 runs, 0 hits, 0 errors, 0 left on base; Tremont 1 - Athletic Club KC 0
BOTTOM OF THE 7TH
Athletic Club KC Reserves batting - Pitching for Tremont Doubledays : RHP Gordon Fry
Batting: RHB Tasuku Goto 0-0: Ball
1-0: SINGLE (Groundball, 34D)
Batting: RHB Tony Osorio 0-0: Ball
1-0: Sac Bunt - play at first, batter OUT! 1-4
Tasuku Goto to second
Batting: RHB Richard Younger 0-0: Called Strike
0-1: Ball
1-1: Ball
2-1: Ball
3-1: Fly out, F7 (Flyball, 7S)
Batting: RHB Roger Caffyn 0-0: Ball
1-0: Ground out 6-3 (Groundball, 6)
Bottom of the 7th over - 0 runs, 1 hit, 0 errors, 1 left on base; Tremont 1 - Athletic Club KC 0
TOP OF THE 8TH
Tremont Doubledays batting - Pitching for Athletic Club KC Reserves : RHP Claudio Valenzuela
Batting: RHB Mario Rivera 0-0: Ball
1-0: Ball
2-0: Ball
3-0: Called Strike
3-1: Base on Balls
Batting: RHB Menno van de Vlugt 0-0: Ball
1-0: Called Strike
1-1: SINGLE (Groundball, 6D)
Mario Rivera to second
Batting: SHB Ricardo Pérez 0-0: Ball
1-0: Called Strike
1-1: Called Strike
1-2: Ball
2-2: SINGLE (Flyball, 89M)
Mario Rivera to third
Menno van de Vlugt to second
Batting: RHB Alan Elder 0-0: Grounds into fielders choice 3-2 (Groundball, 34S)
Menno van de Vlugt to third
Ricardo Pérez to second
Batting: RHB Andrés Gonzáles 0-0: Called Strike
0-1: Swinging Strike
0-2: Strikes out swinging
Pitching: LHP António Hernández
Batting: RHB Steve Jones 0-0: Fly out, F7 (Flyball, 7LSF)
Top of the 8th over - 0 runs, 2 hits, 0 errors, 3 left on base; Tremont 1 - Athletic Club KC 0
BOTTOM OF THE 8TH
Athletic Club KC Reserves batting - Pitching for Tremont Doubledays : RHP Gordon Fry
Batting: LHB Ramón Morterero 0-0: Ball
1-0: Ball
2-0: Swinging Strike
2-1: Ball
3-1: Base on Balls
Pitching: LHP Domingo Posadas
Pinch Hitting: RHB Cristóbal Covarrubiois 0-0: SINGLE (Flyball, 89S)
Ramón Morterero to second
Runner from 2nd tries for 3rd, SAFE, no throw
Batting: LHB Kwang-chih Feng 0-0: Ball
1-0: Called Strike
1-1: Ball
2-1: Foul Ball, location: 2F
2-2: Ball
3-2: Strikes out swinging
Batting: RHB Arturo Annunziato 0-0: Grounds into double play, 6-4-3 (Groundball, 6)
Bottom of the 8th over - 0 runs, 1 hit, 0 errors, 1 left on base; Tremont 1 - Athletic Club KC 0
TOP OF THE 9TH
Tremont Doubledays batting - Pitching for Athletic Club KC Reserves : LHP António Hernández
Now in RF: Michael Woodard
Batting: RHB Jack Davis 0-0: Called Strike
0-1: Fly out, F8 (Flyball, 8RXD)
Batting: RHB David Pérez 0-0: Fly out, F9 (Line Drive, 9)
Batting: RHB Sergio Pérez 0-0: DOUBLE (Line Drive, 7LM)
Batting: RHB Mario Rivera 0-0: Foul Ball, location: 2F
0-1: Called Strike
0-2: Fly out, F4 (Line Drive, 4MS)
Top of the 9th over - 0 runs, 1 hit, 0 errors, 1 left on base; Tremont 1 - Athletic Club KC 0
BOTTOM OF THE 9TH
Athletic Club KC Reserves batting - Pitching for Tremont Doubledays : LHP Domingo Posadas
Pitching: RHP Jack Carr
Batting: RHB Shintaro Yamada 0-0: Ball
1-0: Called Strike
1-1: Ball
2-1: Ground out 6-3 (Groundball, 6)
Batting: RHB Tasuku Goto 0-0: Ball
1-0: Ball
2-0: Ball
3-0: Called Strike
3-1: Base on Balls
Batting: RHB Tony Osorio 0-0: Swinging Strike
0-1: Ball
1-1: Ball
2-1: Ground out 5-3 (Groundball, 5)
Tasuku Goto to second
Batting: RHB Richard Younger 0-0: Foul Ball, location: 2F
0-1: Foul Ball, location: 2F
0-2: Ball
1-2: Fly out, F5 (Popup, 56)
Bottom of the 9th over - 0 runs, 0 hits, 0 errors, 1 left on base; Tremont 1 - Athletic Club KC 0
Wednesday, September 19th, 2018 - OOTP Baseball 18.8 Build 76